AoeStats
← King_B

Arabia

510244329Analyzed
2v2 RM · 12h ago on Sep 30, 2026· 39m 39s· 4 players
Game mode
Random Map
Map size
Medium (4 player)
Population
200
Speed
Normal
Resources
Standard
Victory
Conquest
Starting age
Dark Age
Ending age
Imperial Age
RankedLock teamsTeams togetherTeam positionsShared explorationLock speedFull tech treeHidden civsTurbo modeCheats
Victory
Defeat
🇺🇸 Tatars · United States
610
+15
🇺🇸 Malay · United States
607
+15
🇨🇱 Britons · Chile
595
-16
🇺🇸 Huns · United States
567
-14
iBita
12:54 Feudal Age
14:33 Double-Bit Axe
14:35 Horse Collar
19:04 Gold Mining
19:55 Padded Archer Armor
20:21 Fletching
26:41 Castle Age
24:18 Man-at-Arms
27:53 Long Swordsman
28:00 Pikeman
31:47 Stone Mining
32:36 Gold Shaft Mining
35:12 Crossbowman
38:49 Husbandry
The Algorithm
14:25 Feudal Age
21:57 Bloodlines
21:39 Double-Bit Axe
24:21 Castle Age
27:42 Husbandry
28:44 Squires
28:14 Pikeman
37:23 Stone Mining
CentralCrown20
14:03 Feudal Age
14:52 Wheelbarrow
14:56 Double-Bit Axe
16:40 Man-at-Arms
22:12 Gold Mining
29:19 Scale Barding Armor
32:00 Castle Age
31:29 Pikeman
33:56 Bow Saw
34:29 Gold Shaft Mining
33:44 Stone Mining
34:47 Hand Cart
35:12 Squires
36:47 Forging
King_B
10:09 Feudal Age
10:36 Double-Bit Axe
10:32 Horse Collar
12:46 Wheelbarrow
15:04 Loom
18:25 Castle Age
18:44 Fletching
20:55 Husbandry
25:26 Bloodlines
25:36 Heavy Plow
26:19 Forging
26:43 Gold Mining
28:00 Hand Cart
27:31 Town Watch
28:01 Bodkin Arrow
29:00 Town Patrol
30:48 Fervor
32:55 Iron Casting
32:25 Scale Barding Armor
33:00 Padded Archer Armor
34:05 Gold Shaft Mining
33:23 Stone Mining
38:34 Imperial Age
38:19 Ballistics
38:09 Masonry
38:01 Atonement
37:58 Murder Holes
38:43 Leather Archer Armor
38:34 Scale Barding Armor
Connection lost

Rejoining the realm…

Still unreachable

The connection could not be restored.

Session expired

The server has moved on; the page needs a fresh start.